 Dungeon Crawl Stone Soup version 0.14-a0-1266-g856eec9 (console) character file.

574 Illaniel the Charmwright (level 6, -8/41 HPs)
             Began as a High Elf Skald on Dec 4, 2013.
             Mangled by an ogre
             ... wielding a +0,+0 giant club
              (20 damage)
             ... on Level 4 of the Dungeon.
             The game lasted 00:17:27 (3065 turns).

Illaniel the Charmwright (High Elf Skald)           Turns: 3065, Time: 00:17:28

HP  -8/41        AC  5     Str 11      XL: 6   Next: 43%
MP   0/17        EV 12     Int 17      God:
Gold 201         SH  0     Dex 16      Spells:  4 memorised,  3 levels left

rFire  . . .     SeeInvis .     A - -1,+0 orc scimitar
rCold  . . .     Clarity  .     b - +0 elf leather armour
rNeg   . . .     Conserve .     (no shield)
rPois  +         rCorr    .     (no helmet)
rElec  .         rRot     .     j - +0 elf cloak
SustAb . .       Spirit   .     (no gloves)
rMut   +         Warding  .     i - +0 pair of boots
Saprov . . .     Stasis   .     G - amulet of resist mutation
                                (no ring)
                                E - ring of poison resistance

@: slightly resistant to hostile enchantments, unstealthy
A: no striking features
a: no special abilities


You were on level 4 of the Dungeon.
You were not hungry.

You visited 1 branch of the dungeon, and saw 4 of its levels.

You collected 201 gold pieces.

Inventory:

Hand weapons
 a - a +0,+0 elven falchion
 s - a +0,+0 spear
 A - a -1,+0 orcish scimitar (weapon)
Missiles
 p - 42 poisoned needles
Armour
 b - a +0 elven leather armour (worn)
 i - a +0 pair of boots (worn)
 j - a +0 elven cloak (worn)
 v - a +0 cloak
 z - a +0 cloak
Comestibles
 d - 2 bread rations
 f - an apple
 h - 3 meat rations
 w - 16 strawberries
 F - a chunk of adder flesh
Scrolls
 g - a scroll of curse armour {unknown}
 k - 3 scrolls of fear {unknown}
 m - 3 scrolls of enchant weapon II {unknown}
 o - 2 scrolls of remove curse {unknown}
 r - a scroll of teleportation {unknown}
 t - a scroll of recharging {unknown}
 u - a scroll of blinking {unknown}
 y - 2 scrolls of fog {unknown}
 H - a scroll of amnesia {unknown}
 J - 3 scrolls of enchant armour {unknown}
Jewellery
 E - a ring of poison resistance (left hand)
 G - an amulet of resist mutation (around neck)
Potions
 l - 2 potions of restore abilities
 n - 2 potions of heal wounds
 q - a potion of degeneration
 x - 2 potions of agility
 B - a potion of poison {unknown}
 C - a potion of berserk rage {unknown}
 D - 2 potions of invisibility
Books
 c - a book of Battle

   Spells                             Type                      Level
   *Infusion                          Charms                       1
   *Shroud of Golubria                Charms/Translocation         2
   Song of Slaying                    Charms                       2
   *Spectral Weapon                   Hexes/Charms                 3
   *Regeneration                      Charms/Necromancy            3


   Skills:
 * Level 2.8 Fighting
 * Level 4.6 Long Blades
 * Level 2.2 Armour
 * Level 2.8 Dodging
 * Level 3.5 Spellcasting
 * Level 5.2 Charms


You had 3 spell levels left.
You knew the following spells:

 Your Spells              Type           Power        Failure   Level  Hunger
a - Infusion              Chrm           ###...       1%          1    None
c - Spectral Weapon       Hex/Chrm       ##......     17%         3    ###....
h - Shroud of Golubria    Chrm/Tloc      ##........   10%         2    ##.....
r - Regeneration          Chrm/Necr      ##........   17%         3    ###....


Dungeon Overview and Level Annotations

Branches:
Dungeon (4/16)
 Temple: D:4-7

Altars:
Kikubaaqudgha
Sif Muna
Trog

Annotations:
D:4 M4edhros' ghost, weakling OpVM


Message History

Your spectral weapon barely misses the rat.
The rat bites you but does no damage.
You completely miss the rat.
Your spectral weapon hits the rat.
You kill the rat!
You hit the ogre.
The ogre is lightly wounded.
Your shroud begins to fray at the edges.
Your spectral weapon barely misses the ogre.
The ogre closely misses you.
You hit the ogre.
The ogre is moderately wounded.
Your spectral weapon barely misses the ogre.
The ogre hits you with a giant club!
Ouch! That really hurt!
* * * LOW HITPOINT WARNING * * *
Your shroud falls apart!
You hit the ogre.
The ogre is heavily wounded.
Your spectral weapon hits the ogre!
The ogre hits you with a giant club!
You die...

▒∙∙∙∙∙∙∙∙∙∙∙
▒∙∙▒▒▒▒▒▒▒▒∙ ▒∙▒
▒∙∙▒ ▒∙ ▒∙▒ ▒∙∙▒
▒∙ ▒▒∙▒ ▒∙∙▒ ▒▒∙
∙∙l∙∙∙∙∙∙∙▒ ▒∙∙
▒▒▒∙▒▒▒▒∙▒ ▒∙▒
▒∙▒▒▒▒∙▒ ▒∙▒
▒▒▒∙∙∙▒▒∙▒ ▒∙▒
▒▒▒▒▒▒▒▒∙∙∙∙∙∙∙∙▒
▒∙∙
>∙∙∙∙∙∙∙@(∙∙∙∙▒▒▒
▒∙∙
▒∙!▒▒▒▒▒O▒▒▒%∙▒
▒∙∙ ▒∙▒ ▒∙∙▒▒ ▒∙∙
▒∙▒ ▒∙∙∙▒▒▒ ▒▒∙
▒∙▒ ▒∙∙∙∙∙▒ ▒∙
▒∙▒ ▒∙∙∙▒∙▒ ▒∙
▒∙▒ ▒∙▒▒▒∙▒ ▒∙
▒∙▒ ▒∙▒ ▒∙▒ ▒∙
∙∙▒ ▒∙▒ ▒∙▒▒ ▒▒>
∙▒▒
▒∙▒▒▒∙∙▒▒▒▒▒∙∙ ∙
▒∙∙∙∙∙∙∙∙∙∙∙∙∙


You could see an ogre and a friendly spectral orcish scimitar.

Vanquished Creatures
  A phantom (D:4)
  An orc wizard (D:3)
  A worker ant (D:3)
  11 adders
  4 gnolls (D:2)
  A giant mite (D:4)
  2 worms (D:2)
  An ooze (D:1)
  6 orcs
  3 bat zombies (D:2)
  3 giant cockroaches
  8 goblins
  7 hobgoblins
  4 jackals (D:3)
  2 quokkas
  12 bats
  5 giant newts
  12 kobolds
  8 rats
  A rat skeleton (D:4)
93 creatures vanquished.

Notes
Turn   | Place    | Note
--------------------------------------------------------------
     0 | D:1      | Illaniel, the High Elf Skald, began the quest for the Orb.
     0 | D:1      | Reached XP level 1. HP: 14/14 MP: 4/4
   380 | D:1      | Reached XP level 2. HP: 17/19 MP: 3/6
   397 | D:1      | Learned a level 2 spell: Shroud of Golubria
   680 | D:1      | Reached skill level 4 in Charms
   748 | D:2      | Reached skill level 1 in Armour
   748 | D:2      | Reached XP level 3. HP: 24/24 MP: 0/8
   972 | D:2      | Learned a level 3 spell: Regeneration
  1050 | D:2      | Reached XP level 4. HP: 24/29 MP: 0/11
  1524 | D:2      | Learned a level 3 spell: Spectral Weapon
  1531 | D:2      | Found an ancient bone altar of Kikubaaqudgha.
  1842 | D:3      | Reached XP level 5. HP: 28/35 MP: 3/14
  2137 | D:3      | Found a deep blue altar of Sif Muna.
  2137 | D:3      | Found a bloodstained altar of Trog.
  2451 | D:3      | Reached skill level 5 in Charms
  2708 | D:4      | Noticed M4edhros' ghost (weakling OpVM)
  2842 | D:4      | Noticed a phantom
  2856 | D:4      | Killed a phantom
  2856 | D:4      | Reached XP level 6. HP: 32/41 MP: 4/17
  3047 | D:4      | Noticed an ogre
  3065 | D:4      | Mangled by an ogre

Action                   |  1- 3 |  4- 6 || total
-------------------------+-------+-------++-------
Melee: Falchion          |    96 |    91 ||   187
       Scimitar          |       |    86 ||    86
 Cast: Infusion          |    13 |    30 ||    43
       Shroud of Golubri |     7 |    23 ||    30
       Regeneration      |     1 |     4 ||     5
       Spectral Weapon   |       |    15 ||    15
  Use: Scroll            |       |     4 ||     4
